 Dungeon Crawl Stone Soup version 0.31-a0-521-gc7390f8997 (webtiles) character file.

Game seed: 3151756813197653101

991 MisterAzrael the Changeling (level 7, -5/52 HPs)
             Began as a Green Draconian Shapeshifter on Aug 10, 2023.
             Slain by an ogre
             ... wielding a +0 giant spiked club
              (24 damage)
             ... on level 4 of the Dungeon.
             The game lasted 00:05:20 (4258 turns).

MisterAzrael the Changeling (DrSh)                  Turns: 4258, Time: 00:05:21

Health: -5/52      AC: 10    Str: 19    XL:     7   Next: 98%
Magic:  7/7        EV: 12    Int:  9    God:
Gold:   451        SH:  0    Dex: 11    Spells: 6/6 levels left

rFire   . .          .
                       - Unarmed
rCold   . . .        (no shield)
rNeg    . . .        (body armour unavailable)
rPois   +            (helmet currently unavailable)
rElec   .            (cloak currently unavailable)
rCorr   .            (gloves currently unavailable)
SInv    .            (boots currently unavailable)
Will    +....        a - amulet of faith
Stlth   +            i - +4 ring of protection
HPRegen 0.28/turn    m - ring of willpower
MPRegen 0.10/turn

%: faith
@: beast-form
A: beast (slay +4), breathe noxious fumes, AC +6, unfitting armour, poison
resistance, cold-blooded
a: Breathe Noxious Fumes, Begin Untransformation


You were on level 4 of the Dungeon.
You were a hulking beast.
You visited 1 branch of the dungeon, and saw 4 of its levels.
You also visited: Sewer.

You collected 451 gold pieces.

Inventory:

Missiles
 h - 9 poisoned darts
Magical Staves
 e - a staff of air
 r - a staff of earth
Jewellery
 a - an amulet of faith (around neck)
 i - a +4 ring of protection (left hand)
 m - a ring of willpower (right hand)
 u - a ring of poison resistance
 w - a ring of magical power
Talismans
 b - a beast talisman (active)
 c - a flux talisman
Wands
 k - a wand of light (8)
 l - a wand of paralysis (2)
Scrolls
 d - a scroll of fog {unknown}
 f - 2 scrolls of vulnerability {unknown}
 g - 6 scrolls of teleportation {unknown}
 j - 3 scrolls of brand weapon {unknown}
 o - 2 scrolls of identify {unknown}
 q - a scroll of fear {unknown}
 s - a scroll of silence {unknown}
 v - 2 scrolls of revelation {unknown}
 y - a scroll of enchant armour {unknown}
 C - a scroll of summoning {unknown}
Potions
 n - 2 potions of attraction
 t - 2 potions of curing
 x - a potion of enlightenment
 z - 2 potions of magic {unknown}
 A - a potion of mutation {unknown}
 B - a potion of heal wounds {unknown}


   Skills:
 - Level 1.1 Fighting
 - Level 1.7 Dodging
 + Level 6.1 Unarmed Combat
 * Level 7.0 Shapeshifting


You had 6 spell levels left.
You didn't know any spells.
Your spell library contained the following spells:

 Spells                   Type           Power      Damage    Failure   Level
 Cigotuvi's Dreadful Rot  Necr/Pois/Air  0%         N/A       52%         2
 Gell's Gravitas          Tloc           0%         N/A       77%         3
 Ignite Poison            Fire/Tmut/Pois 0%         N/A       77%         3
 Teleport Other           Tloc           0%         N/A       77%         3
 Freezing Cloud           Conj/Ice/Air   0%         6-21      100%        5
 Dispersal                Tloc           0%         N/A       100%        6


Dungeon Overview and Level Annotations

Branches:
Dungeon (4/15)              Sewer (visited)
 Temple: D:4-7

Altars:
Wu Jian

Shops:
D:3 :


Innate Abilities, Weirdness & Mutations

You are a hulking beast.
Your limbs bulge with bestial killing power. (Slay +4)
You can breathe blasts of noxious fumes.
Your lurid green scales are hard. (AC +6)
You cannot fit into any form of body armour.
Your system is resistant to poisons. (rPois)
You are cold-blooded and may be slowed by cold attacks.


Message History

You kill the orc!
Things that are here:
a +0 flail; a +0 dagger; an orc corpse HP restored.
There is an open door here.
g - 6 scrolls labelled NIPLITUU DIEKK (gained 1)
You now have 420 gold pieces (gained 16).
You now have 437 gold pieces (gained 17).
You now have 443 gold pieces (gained 6).
You now have 451 gold pieces (gained 8).
You open the door.
An ogre comes into view. It is wielding a +0 giant spiked club.
The ogre shouts!
A hobgoblin comes into view.
Found 56 gold pieces.
There are monsters nearby!
There are monsters nearby!
There is an open door here.
You closely miss the ogre.
The ogre hits you with a +0 giant spiked club!!
An endoplasm comes into view.
The endoplasm quivers.
The ogre attacks as you move away!
The ogre hits you with a +0 giant spiked club.
A worm comes into view.
You feel better.
You barely miss the ogre. You tail-slap the ogre!
The ogre is moderately wounded.
The ogre hits you with a +0 giant spiked club!
You hit the ogre.
Your tail-slap misses the ogre.
The ogre is heavily wounded.
The hobgoblin misses you. The ogre misses you.
You barely miss the ogre.
The ogre is heavily wounded.
The hobgoblin hits you.
You hit the ogre.
The ogre is heavily wounded.
The hobgoblin hits you.
The ogre hits you with a +0 giant spiked club!!
You die...

# # #.# #. # # .####.#
#.#$#$#.#.##.#
+.$#.#$.#..#.######## ###
#$.w..##............ ..# #...#
#.#...####### ..##
######J####......# #..#
#....gO#....#...##
...########.....h#######.##
#..))).)..'..##..# #.#
..####'####..##..# #.# .##)...##
#......# ##'## ##......###......#
##...##
#..#..#..#############.....## ###
#...##...##.........#.[.....###..
#...##...##.#.....#.......♣♣.##.#
#..#..#..#....###.........P♣♣'...


You could see an ogre, a worm, an endoplasm and a hobgoblin.

Vanquished Creatures
  Grinder (D:3)
  Eustachio (D:4)
  Pargi (Sewer)
  4 wights (D:4)
  An iguana (D:4)
  Ijyb (D:3)
  Natasha (thrice) (D:3)
  A sleepcap (D:4)
  A gnoll (D:4)
  12 adders
  A worm (D:4)
  5 dart slugs
  7 orcs (D:4)
  10 endoplasms
  2 giant cockroaches (D:2)
  2 goblins
  4 hobgoblins
  6 kobolds
  7 ball pythons
  5 bats
  7 frilled lizards
  5 rats
  2 butterflies (D:2)
89 creatures vanquished.

Notes
Turn   | Place    | Note
-------+----------+-------------------------------------------
     0 | D:1      | MisterAzrael the Draconian Shapeshifter began the quest for
                  | the Orb.
     0 | D:1      | Reached XP level 1. HP: 16/16 MP: 1/1
   544 | D:1      | Reached XP level 2. HP: 23/23 MP: 2/2
   686 | D:1      | Found a faded altar of an unknown god.
   972 | D:2      | Reached XP level 3. HP: 7/28 MP: 3/3
  1383 | D:2      | Reached skill level 4 in Shapeshifting
  1453 | D:2      | Reached XP level 4. HP: 33/35 MP: 4/4
  1748 | D:3      | Noticed Ijyb
  1782 | D:3      | Killed Ijyb
  2031 | D:3      | Noticed Natasha
  2040 | D:3      | Killed Natasha
  2041 | D:3      | Reached XP level 5. HP: 34/40 MP: 5/5
  2165 | D:3      | Noticed Grinder
  2187 | D:3      | Killed Grinder
  2188 | D:3      | Reached skill level 5 in Shapeshifting
  2188 | D:3      | Reached XP level 6. HP: 47/47 MP: 6/6
  2286 | D:3      | Noticed Natasha
  2296 | D:3      | Killed Natasha
  2597 | D:3      | Found Forghesui's Book Shop.
  2644 | D:3      | Noticed Natasha
  2675 | D:3      | Killed Natasha
  2764 | D:3      | Found a faded altar of an unknown god.
  2768 | D:3      | Found an ornate altar of the Wu Jian Council.
  2845 | D:4      | Noticed Eustachio
  2924 | D:4      | Killed Eustachio
  2925 | D:4      | Reached skill level 5 in Unarmed Combat
  2925 | D:4      | Your scales start taking on a lurid green colour.
  2925 | D:4      | Reached XP level 7. HP: 15/52 MP: 7/7
  2925 | D:4      | Gained mutation: Your system is resistant to poisons.
                  | (rPois) [Green Draconian growth]
  3163 | D:4      | Reached skill level 6 in Shapeshifting
  3350 | D:4      | Found a glowing drain.
  3367 | Sewer    | Entered a sewer
  3396 | Sewer    | Noticed Pargi
  3401 | Sewer    | Killed Pargi
  4163 | D:4      | Reached skill level 7 in Shapeshifting
  4258 | D:4      | Slain by an ogre

Illustrated notes

Levels and vault maps discovered:
D:1:      saegor_arrival_under_anarchy, layout_basic,
          hellmonk_ecumenical_altar_leap_of_faith, amcnicky_mini_pool_small,
          minmay_misc_feat_chi
D:2:      layout_rooms, hangedman_glass_garden, minmay_vboxes
D:3:      layout_basic, nicolae_overflow_ecumenical_swirl, serial_shops,
          nicolae_book_shop_shelving, kennysheep_path_1, grunt_decor_arrowhead,
          nicolae_elevator_lobby_plus, uniq_natasha, uniq_grinder, uniq_ijyb
D:4:      minmay_polygon_palace, layout_loops_corners, portal_sewer_entry_d,
          kennysheep_another_room, dilly_guarded_unrand_morg, uniq_eustachio

Skill      XL: |  1  2  3  4  5  6  7 |
---------------+----------------------+-----
Shapeshifting  | 4 5 7 |  7.0
Unarmed Combat | 4 5 6 |  6.1
Fighting       | |  1.1
Dodging        | |  1.7

Action                     |  1- 3 |  4- 6 |  7- 9 || total
---------------------------+-------+-------+-------++-------
  Melee: Unarmed           |    79 |   148 |    91 ||   318
         Tailslap          |     7 |    23 |    12 ||    42
         Punch             |     1 |     4 |       ||     5
Ability: Breathe Noxious F |       |       |     1 ||     1
    Use: Potion            |     2 |     4 |     2 ||     8
   Stab: Sleeping          |       |     1 |     1 ||     2
 Armour: Skin              |    29 |    91 |    30 ||   150
  Dodge: Dodged            |    48 |   162 |    46 ||   256

Table legend: (Time is in decaauts)
 A = Elapsed time spent in this place.
 B = Non-inter-level travel time spent in this place.
 C = Inter-level travel time spent in this place.
 D = Time resting spent in this place.
 E = Time spent auto-exploring this place.
 F = Levels seen in this place.
 G = Mean time per level.
                   A        B        C        D        E       F      G
               +--------+--------+--------+--------+--------+-----+--------+
         Total |   4282 |   4156 |    126 |    906 |   2522 |   5 |  856.4 |
       Dungeon |   4130 |   4004 |    126 |    906 |   2421 |   4 | 1032.5 |
         Sewer |    152 |    152 |      0 |      0 |    100 |   1 |  152.0 |
               +--------+--------+--------+--------+--------+-----+--------+

Top non-repeatable levels by time:
     D:4: 1315 daAuts
     D:3: 1076 daAuts
     D:2: 997 daAuts
     D:1: 741 daAuts
   Sewer: 152 daAuts
